 Dungeon Crawl Stone Soup version 0.23.0 (webtiles) character file.

Game seed: 11064883136937868366

23 Kairos the Sneak (level 3, -1/16 HPs)
             Began as a Vine Stalker Enchanter on Feb 10, 2019.
             Succumbed to a gnoll's poison
             ... on level 2 of the Dungeon.
             The game lasted 00:01:51 (737 turns).

Kairos the Sneak (Vine Stalker Enchanter)            Turns: 737, Time: 00:01:51

Health: -1/16      AC:  6    Str: 11    XL:     3   Next: 0%
Magic:  0/7        EV: 10    Int: 15    God:
Gold:   9          SH:  0    Dex: 14    Spells: 6/7 levels left

rFire    . . .     SeeInvis .   h - +0 whip
rCold    . . .     Gourm    .   (no shield)
rNeg     . . .     Faith    .   l - +0 ring mail
rPois    .         Spirit   +   (no helmet)
rElec    .         Reflect  .   (no cloak)
rCorr    .         Harm     .   f - +0 pair of gloves
MR       .....                  (no boots)
Stlth    ++........             (no amulet)
HPRegen  0.05/turn              (no ring)
MPRegen  0.10/turn              (no ring)

@: lethally poisoned (-1 -> -29)
A: fangs 2, magic shield, antimagic bite, no potion heal 3, rot immunity
a: no special abilities


You were on level 2 of the Dungeon.
You were not hungry.

You visited 1 branch of the dungeon, and saw 2 of its levels.

You collected 9 gold pieces.

Inventory:

Hand Weapons
 a - a +1 dagger
 h - a +0 whip (weapon)
Armour
 b - a +0 robe
 f - a +0 pair of gloves (worn)
 l - a +0 ring mail (worn)
Scrolls
 c - a scroll of remove curse
 g - a scroll of identify {unknown}
 j - a scroll of teleportation {unknown}
 k - a scroll of fear {unknown}
Potions
 e - a potion of heal wounds
 i - a potion of agility {unknown}
Comestibles
 d - a ration


   Skills:
 + Level 1.1 Short Blades
 + Level 1.7 Dodging
 + Level 4.1 Stealth
 + Level 2.5 Spellcasting
 + Level 3.3 Hexes


You had 6 spell levels left.
You knew the following spells:

 Your Spells              Type           Power        Failure   Level  Hunger
a - Corona                Hex            ##.....      13%         1    #......

Your spell library contained the following spells:

 Spells                   Type           Power        Failure   Level  Hunger
 Ensorcelled Hibernation  Hex/Ice        #.....       36%         2    ###....
 Confuse                  Hex            ##......     36%         3    ###....
 Tukima's Dance           Hex            ##......     36%         3    ###....
 Dazzling Spray           Conj/Hex       #.....       61%         3    ###....


Dungeon Overview and Level Annotations

Branches:
Dungeon (2/15)

Altars:

Annotations:
D:2 Robin


Innate Abilities, Weirdness & Mutations

You have extremely sharp teeth.
When hurt, damage is shared between your health and your magic reserves.
Your bite disrupts and absorbs the magic of your enemies.
Potions cannot restore your health.
You are immune to rotting.


Message History

You are too injured to fight recklessly!
You hit the gnoll.
The gnoll is moderately wounded.
You feel sick. The gnoll barely misses you.
You closely miss the gnoll. You bite the gnoll. You drain its power.
You feel invigorated.
The gnoll is heavily wounded.
* * * LOW HITPOINT WARNING * * *
You feel sick. The gnoll barely misses you.
You barely miss the gnoll.
The gnoll is heavily wounded.
* * * LOW HITPOINT WARNING * * *
You feel sick.
A jackal comes into view.
The gnoll hits you with a +0 spear of venom.
You are more poisoned.
The gnoll hits you with a +0 spear of venom.
The jackal moves out of view.
It was a potion of heal wounds.
That seemed strangely inert.
You die...

## #.##
#.###################
#....#...)..@g............
#..........<######..######
...###.###h######..#
#...............# .
#.....#.###.....## #..
#.......#........#.!..
#...#...............#
#...............#.....
#.....########..#.....


You could see a gnoll and a jackal.

Vanquished Creatures
  An ooze (D:1)
  A dart slug (D:1)
  A leopard gecko (D:1)
  A bat (D:1)
  6 goblins (D:1)
  2 hobgoblins
  A frilled lizard (D:1)
  A kobold (D:1)
  2 rats (D:1)
16 creatures vanquished.

Notes
Turn   | Place    | Note
-------+----------+-------------------------------------------
     0 | D:1      | Kairos the Vine Stalker Enchanter began the quest for the
                  | Orb.
     0 | D:1      | Reached XP level 1. HP: 9/9 MP: 4/4
   349 | D:1      | Reached XP level 2. HP: 10/13 MP: 3/6
   385 | D:1      | Reached skill level 4 in Stealth
   392 | D:1      | Reached skill level 1 in Short Blades
   599 | D:2      | Noticed Robin
   727 | D:1      | Reached XP level 3. HP: 16/16 MP: 7/7
   737 | D:2      | Succumbed to a gnoll's poison

Skill      XL: |  1  2 |
---------------+-------+-----
Stealth        | 4 |  4.1
Short Blades   | 1 |  1.1
Dodging        | |  1.7
Spellcasting   | |  2.5
Hexes          | |  3.3

Action                   || total
-------------------------++-------
Melee: Dagger            ||    29
       Bite              ||    16
       Whip              ||    28
  Use: Scroll            ||     1
       Potion            ||     1
 Stab: Sleeping          ||     3
Armor: Robe              ||     6
       Ring mail         ||     3
Dodge: Dodged            ||    27
